| TOP OF THE 1ST |
|
Hickory Crawdads batting - Pitching for Kannapolis Intimidators : RHP Bill Jacobs
|
|
Pitching: RHP Bill Jacobs
|
|
|
Batting: RHB Danny Murillo
|
0-0: Foul Ball, location: 2F 0-1: Swinging Strike 0-2: Ball 1-2: Ball 2-2: Ball 3-2: Fly out, F5 (Line Drive, 5, EV 69.4 MPH)
|
|
Batting: RHB Danny Weisse
|
0-0: Ball 1-0: Ball 2-0: Called Strike 2-1: Foul Ball, location: 2F 2-2: Ball 3-2: SINGLE (Line Drive, 8RS, EV 110.0 MPH)
|
|
Batting: LHB Alfonso Collazo
|
0-0: Fly out, F5 (Popup, 25F, EV 85.0 MPH)
|
|
Batting: RHB Mike Thornton
|
Pickoff Throw to First - Out! 1-3 CS
|
| Top of the 1st over - 0 runs, 1 hit, 0 errors, 0 left on base; Hickory 0 - Kannapolis 0 |
| BOTTOM OF THE 1ST |
|
Kannapolis Intimidators batting - Pitching for Hickory Crawdads : LHP Chris P. Bacon
|
|
Pitching: LHP Chris P. Bacon
|
|
|
Batting: RHB Kunimatsu Oya
|
0-0: Ball 1-0: Foul Ball, location: 2F 1-1: Ground out 5-3 (Groundball, 56, EV 85.0 MPH)
|
|
Batting: RHB Ethan McCullough
|
0-0: Swinging Strike 0-1: Called Strike 0-2: Ball 1-2: Ground out 4-3 (Groundball, 4, EV 83.8 MPH)
|
|
Batting: RHB Tony Garcia
|
0-0: Called Strike 0-1: Ball 1-1: Called Strike 1-2: SINGLE (Groundball, 4MD, EV 101.9 MPH)
|
|
Batting: RHB Corey Dalton
|
0-0: Called Strike 0-1: Ball 1-1: Ball 2-1: Fly out, F8 (Flyball, 8LXD, EV 88.8 MPH)
|
| Bottom of the 1st over - 0 runs, 1 hit, 0 errors, 1 left on base; Hickory 0 - Kannapolis 0 |
| TOP OF THE 2ND |
|
Hickory Crawdads batting - Pitching for Kannapolis Intimidators : RHP Bill Jacobs
|
|
Batting: RHB Mike Thornton
|
0-0: Called Strike 0-1: Foul Ball, location: 2F 0-2: Ball 1-2: Foul Ball, location: 2F 1-2: Ball 2-2: Ball 3-2: Foul Ball, location: 2F 3-2: Ground out U3 (Groundball, 34, EV 86.9 MPH)
|
|
Batting: SHB Todd Hewitt
|
0-0: Fly out, F9 (Flyball, 9, EV 89.4 MPH)
|
|
Batting: RHB Aaron Graham
|
0-0: Called Strike 0-1: Swinging Strike 0-2: Ball 1-2: Foul Ball, location: 2F 1-2: Ball 2-2: SINGLE (Groundball, 5S, EV 73.8 MPH) (infield hit)
|
|
Batting: RHB Darnell Jones
|
0-0: Ball 1-0: Ball Aaron Graham steals 2nd base 2-0: Called Strike 2-1: Swinging Strike 2-2: Foul Ball, location: 2F 2-2: Foul Ball, location: 2F 2-2: Foul Ball, location: 2F 2-2: Fly out, F6 (Line Drive, 6M, EV 65.6 MPH)
|
| Top of the 2nd over - 0 runs, 1 hit, 0 errors, 1 left on base; Hickory 0 - Kannapolis 0 |
| BOTTOM OF THE 2ND |
|
Kannapolis Intimidators batting - Pitching for Hickory Crawdads : LHP Chris P. Bacon
|
|
Batting: RHB Nick Kleckner
|
0-0: Ball 1-0: Foul Ball, location: 2F 1-1: Ball 2-1: Foul Ball, location: 2F 2-2: Strikes out looking
|
|
Batting: SHB Andres Agudo
|
0-0: Foul Ball, location: 2F 0-1: Foul Ball, location: 2F 0-2: Ground out 5-3 (Groundball, 25, EV 84.4 MPH)
|
|
Batting: RHB Tommy Ellington
|
0-0: SINGLE (Groundball, 6D, EV 96.2 MPH)
|
|
Batting: RHB Kaoru Hamada
|
0-0: Ball 1-0: Foul Ball, location: 2F 1-1: Foul Ball, location: 2F 1-2: Strikes out swinging
|
| Bottom of the 2nd over - 0 runs, 1 hit, 0 errors, 1 left on base; Hickory 0 - Kannapolis 0 |
| TOP OF THE 3RD |
|
Hickory Crawdads batting - Pitching for Kannapolis Intimidators : RHP Bill Jacobs
|
|
Batting: RHB Jose Pineda
|
0-0: Called Strike 0-1: Ball 1-1: Called Strike 1-2: Strikes out swinging
|
|
Batting: RHB Zach Thomason
|
0-0: Ground out 4-3 (Groundball, 4S, EV 93.1 MPH)
|
|
Batting: RHB Danny Murillo
|
0-0: Foul Ball, location: 2F 0-1: Ball 1-1: Ball 2-1: Ball 3-1: Base on Balls
|
|
Batting: RHB Danny Weisse
|
0-0: Ball 1-0: Called Strike 1-1: Ball Danny Murillo steals 2nd base 2-1: Foul Ball, location: 2F 2-2: Foul Ball, location: 2F 2-2: Foul Ball, location: 2F 2-2: Foul Ball, location: 2F 2-2: Ball 3-2: Foul Ball, location: 2F 3-2: Foul Ball, location: 2F 3-2: Ground out 1-3 (Groundball, 13S, EV 68.1 MPH)
|
| Top of the 3rd over - 0 runs, 0 hits, 0 errors, 1 left on base; Hickory 0 - Kannapolis 0 |
| BOTTOM OF THE 3RD |
|
Kannapolis Intimidators batting - Pitching for Hickory Crawdads : LHP Chris P. Bacon
|
|
Batting: RHB Miguel Pacheco
|
0-0: Called Strike 0-1: Ball 1-1: Ball 2-1: Ball 3-1: Foul Ball, location: 2F 3-2: Foul Ball, location: 2F 3-2: Strikes out looking
|
|
Batting: RHB Kunimatsu Oya
|
0-0: Called Strike 0-1: Ball 1-1: Foul Ball, location: 2F 1-2: Ground out 4-3 (Groundball, 13, EV 83.1 MPH)
|
|
Batting: RHB Ethan McCullough
|
0-0: Swinging Strike 0-1: Ball 1-1: Foul Ball, location: 2F 1-2: Foul Ball, location: 2F 1-2: Ball 2-2: Strikes out swinging
|
| Bottom of the 3rd over - 0 runs, 0 hits, 0 errors, 0 left on base; Hickory 0 - Kannapolis 0 |
| TOP OF THE 4TH |
|
Hickory Crawdads batting - Pitching for Kannapolis Intimidators : RHP Bill Jacobs
|
|
Batting: LHB Alfonso Collazo
|
0-0: Fly out, F7 (Flyball, 7D, EV 80.6 MPH)
|
|
Batting: RHB Mike Thornton
|
0-0: Ball 1-0: Called Strike 1-1: Swinging Strike 1-2: Foul Ball, location: 2F 1-2: Foul Ball, location: 2F 1-2: Ball 2-2: Foul Ball, location: 2F 2-2: Foul Ball, location: 2F 2-2: Foul Ball, location: 2F 2-2: Fly out, F9 (Line Drive, 9LS, EV 94.4 MPH)
|
|
Batting: SHB Todd Hewitt
|
0-0: Fly out, F8 (Line Drive, 89M, EV 101.2 MPH)
|
| Top of the 4th over - 0 runs, 0 hits, 0 errors, 0 left on base; Hickory 0 - Kannapolis 0 |
| BOTTOM OF THE 4TH |
|
Kannapolis Intimidators batting - Pitching for Hickory Crawdads : LHP Chris P. Bacon
|
|
Batting: RHB Tony Garcia
|
0-0: Reached on error, E5 (Groundball, 5, EV 103.1 MPH)
|
|
Batting: RHB Corey Dalton
|
0-0: Called Strike 0-1: Foul Ball, location: 2F 0-2: Ball 1-2: Ground out 5-3 (Groundball, 56, EV 83.1 MPH)
|
|
Batting: RHB Nick Kleckner
|
0-0: DOUBLE (Groundball, 3L, EV 94.4 MPH) Tony Garcia scores
|
|
Batting: SHB Andres Agudo
|
0-0: Ball 1-0: Swinging Strike 1-1: Ball 2-1: Ball 3-1: Foul Ball, location: 2F 3-2: Strikes out swinging
|
|
Batting: RHB Tommy Ellington
|
0-0: Ground out 1-3 (Groundball, 13S, EV 68.1 MPH)
|
| Bottom of the 4th over - 1 run, 1 hit, 1 error, 1 left on base; Hickory 0 - Kannapolis 1 |
| TOP OF THE 5TH |
|
Hickory Crawdads batting - Pitching for Kannapolis Intimidators : RHP Bill Jacobs
|
|
Batting: RHB Aaron Graham
|
0-0: TRIPLE (Flyball, 78XD, EV 95.6 MPH)
|
|
Batting: RHB Darnell Jones
|
0-0: Foul Ball, location: 2F 0-1: Ball 1-1: Foul Ball, location: 2F 1-2: Ball 2-2: SINGLE (Groundball, 56D, EV 102.5 MPH) Aaron Graham scores
|
|
Batting: RHB Jose Pineda
|
0-0: Called Strike 0-1: Ball 1-1: Fly out, F9 (Line Drive, 9, EV 92.5 MPH)
|
|
Batting: RHB Zach Thomason
|
0-0: Ball 1-0: Foul Ball, location: 2F 1-1: Swinging Strike 1-2: Foul Ball, location: 2F 1-2: Strikes out swinging
|
|
Batting: RHB Danny Murillo
|
0-0: Ball 1-0: Called Strike Darnell Jones steals 2nd base 1-1: Foul Ball, location: 2F 1-2: Strikes out looking
|
| Top of the 5th over - 1 run, 2 hits, 0 errors, 1 left on base; Hickory 1 - Kannapolis 1 |
| BOTTOM OF THE 5TH |
|
Kannapolis Intimidators batting - Pitching for Hickory Crawdads : LHP Chris P. Bacon
|
|
Batting: RHB Kaoru Hamada
|
0-0: Ball 1-0: Foul Ball, location: 2F 1-1: Called Strike 1-2: Ball 2-2: Strikes out swinging
|
|
Batting: RHB Miguel Pacheco
|
0-0: Ground out 1-3 (Groundball, 23, EV 69.4 MPH)
|
|
Batting: RHB Kunimatsu Oya
|
0-0: Ball 1-0: SINGLE (Groundball, 25, EV 62.5 MPH) (infield hit)
|
|
Batting: RHB Ethan McCullough
|
0-0: Swinging Strike 0-1: Ball 1-1: Called Strike 1-2: Fly out, F9 (Flyball, 9S, EV 85.6 MPH)
|
| Bottom of the 5th over - 0 runs, 1 hit, 0 errors, 1 left on base; Hickory 1 - Kannapolis 1 |
| TOP OF THE 6TH |
|
Hickory Crawdads batting - Pitching for Kannapolis Intimidators : RHP Bill Jacobs
|
|
Pitching: RHP Matt Christensen
|
|
|
Batting: RHB Danny Weisse
|
0-0: Ball 1-0: Ball 2-0: Foul Ball, location: 2F 2-1: Ball 3-1: Ground out 5-3 (Groundball, 5L, EV 94.4 MPH)
|
|
Batting: LHB Alfonso Collazo
|
0-0: Ball 1-0: Ball 2-0: Ball 3-0: Base on Balls
|
|
Batting: RHB Mike Thornton
|
0-0: Ball 1-0: Ball 2-0: Foul Ball, location: 2F 2-1: Ball 3-1: Swinging Strike 3-2: Fielders Choice at 2nd, 5-4 (Groundball, 5, EV 109.4 MPH)
|
|
Pitching: RHP Manny Cordova
|
|
|
Batting: SHB Todd Hewitt
|
0-0: DOUBLE (Line Drive, 3D, EV 97.5 MPH) Mike Thornton to third Throwing error, E9 Mike Thornton scores Todd Hewitt to third
|
|
Batting: RHB Aaron Graham
|
0-0: Ball 1-0: Ball 2-0: Ball 3-0: Base on Balls
|
|
Batting: RHB Darnell Jones
|
0-0: Ground out 4-3 (Groundball, 34, EV 86.9 MPH)
|
| Top of the 6th over - 1 run, 1 hit, 1 error, 2 left on base; Hickory 2 - Kannapolis 1 |
| BOTTOM OF THE 6TH |
|
Kannapolis Intimidators batting - Pitching for Hickory Crawdads : LHP Chris P. Bacon
|
|
Batting: RHB Tony Garcia
|
0-0: SINGLE (Groundball, 34D, EV 103.8 MPH)
|
|
Batting: RHB Corey Dalton
|
0-0: Ball 1-0: Swinging Strike 1-1: Ball 2-1: Fly out, F9 (Flyball, 9LM, EV 92.5 MPH)
|
|
Batting: RHB Nick Kleckner
|
0-0: DOUBLE (Line Drive, 9LM, EV 98.1 MPH) Tony Garcia to third Runner from 3rd tries for Home, throw by RF and OUT! 9-4-2
|
|
Batting: SHB Andres Agudo
|
0-0: Called Strike 0-1: Foul Ball, location: 2F 0-2: Foul Ball, location: 2F 0-2: Ball 1-2: Ball 2-2: SINGLE (Groundball, 56D, EV 109.4 MPH) Nick Kleckner to third Runner from 3rd tries for Home, SAFE, throw by LF to home
|
|
Batting: RHB Tommy Ellington
|
0-0: Ball 1-0: Foul Ball, location: 2F 1-1: Ball 2-1: Foul Ball, location: 2F 2-2: SINGLE (Groundball, 6MD, EV 103.8 MPH) Andres Agudo to second Runner from 2nd tries for 3rd, SAFE, throw by CF made to third
|
|
Batting: RHB Kaoru Hamada
|
0-0: Foul Ball, location: 2F 0-1: Fly out, F8 (Flyball, 8LD, EV 79.4 MPH)
|
| Bottom of the 6th over - 1 run, 4 hits, 0 errors, 2 left on base; Hickory 2 - Kannapolis 2 |
| TOP OF THE 7TH |
|
Hickory Crawdads batting - Pitching for Kannapolis Intimidators : RHP Manny Cordova
|
|
Batting: RHB Jose Pineda
|
0-0: Ball 1-0: Ground out 3-1 (Groundball, 34, EV 102.5 MPH)
|
|
Batting: RHB Zach Thomason
|
0-0: Foul Ball, location: 2F 0-1: Foul Ball, location: 2F 0-2: Strikes out looking
|
|
Batting: RHB Danny Murillo
|
0-0: Called Strike 0-1: Swinging Strike 0-2: Reached on error, E5 (Groundball, 56S, EV 67.5 MPH)
|
|
Batting: RHB Danny Weisse
|
0-0: Foul Ball, location: 2F 0-1: Foul Ball, location: 2F 0-2: Ball 1-2: Ball 2-2: Strikes out looking
|
| Top of the 7th over - 0 runs, 0 hits, 1 error, 1 left on base; Hickory 2 - Kannapolis 2 |
| BOTTOM OF THE 7TH |
|
Kannapolis Intimidators batting - Pitching for Hickory Crawdads : LHP Chris P. Bacon
|
|
Pinch Hitting: LHB Ryan Dyal
|
0-0: Called Strike 0-1: Ball 1-1: SINGLE (Line Drive, 6D, EV 106.9 MPH)
|
|
Batting: RHB Kunimatsu Oya
|
0-0: Bunt missed! 0-1: Bunt missed! 0-2: Ball 1-2: Fly out, F7 (Flyball, 78D, EV 98.1 MPH)
|
|
Batting: RHB Ethan McCullough
|
0-0: Called Strike 0-1: Foul Ball, location: 2F 0-2: Ball 1-2: DOUBLE (Line Drive, 3D, EV 105.6 MPH) Ryan Dyal to third Runner from 3rd tries for Home, SAFE, throw by RF to home
|
|
Batting: RHB Tony Garcia
|
0-0: SINGLE (Groundball, 56D, EV 103.8 MPH) Ethan McCullough to third Runner from 3rd tries for Home, SAFE, throw by LF to home
|
|
Batting: RHB Corey Dalton
|
0-0: SINGLE (Groundball, 6D, EV 105.0 MPH) Tony Garcia to second
|
|
Pitching: RHP Kouchiro Yamaguchi
|
|
|
Batting: RHB Nick Kleckner
|
0-0: Ball 1-0: Ball 2-0: Foul Ball, location: 2F 2-1: Ball 3-1: Called Strike 3-2: Fly out, F6 (Line Drive, 6, EV 72.5 MPH) Lined into DP, 6-3 (Line Drive, 6, EV 73.1 MPH)
|
| Bottom of the 7th over - 2 runs, 4 hits, 0 errors, 1 left on base; Hickory 2 - Kannapolis 4 |
| TOP OF THE 8TH |
|
Hickory Crawdads batting - Pitching for Kannapolis Intimidators : RHP Manny Cordova
|
|
Pitching: LHP Rodolfo Valencia
|
|
|
Now at 1B: Luwen Storm
|
|
|
Now at 3B: Santos Guadalupe
|
|
|
Now in RF: Jose Pereyra
|
|
|
Pinch Hitting: RHB Aaron Moore
|
0-0: Ball 1-0: Fly out, F7 (Flyball, 7LSF, EV 83.8 MPH)
|
|
Batting: RHB Mike Thornton
|
0-0: Called Strike 0-1: Ball 1-1: Foul Ball, location: 2F 1-2: Strikes out swinging
|
|
Batting: SHB Todd Hewitt
|
0-0: Foul Ball, location: 2F 0-1: Called Strike 0-2: Ball 1-2: Foul Ball, location: 2F 1-2: Ball 2-2: Ground out 5-3 (Groundball, 56, EV 83.8 MPH)
|
| Top of the 8th over - 0 runs, 0 hits, 0 errors, 0 left on base; Hickory 2 - Kannapolis 4 |
| BOTTOM OF THE 8TH |
|
Kannapolis Intimidators batting - Pitching for Hickory Crawdads : RHP Kouchiro Yamaguchi
|
|
Now in LF: Danny Murillo
|
|
|
Now in RF: Aaron Moore
|
|
|
Batting: SHB Andres Agudo
|
0-0: Foul Ball, location: 2F 0-1: Fly out, F6 (Popup, P, EV 85.6 MPH)
|
|
Batting: RHB Tommy Ellington
|
0-0: Ball 1-0: SINGLE (Line Drive, 9LS, EV 103.8 MPH)
|
|
Batting: RHB Kaoru Hamada
|
0-0: Called Strike 0-1: Called Strike 0-2: Foul Ball, location: 2F 0-2: Strikes out looking
|
|
Batting: RHB Luwen Storm
|
0-0: Ball 1-0: Called Strike 1-1: Ball 2-1: Foul Ball, location: 2F 2-2: Strikes out swinging
|
| Bottom of the 8th over - 0 runs, 1 hit, 0 errors, 1 left on base; Hickory 2 - Kannapolis 4 |
| TOP OF THE 9TH |
|
Hickory Crawdads batting - Pitching for Kannapolis Intimidators : LHP Rodolfo Valencia
|
|
Pitching: LHP Ray Sowers
|
|
|
Batting: RHB Aaron Graham
|
0-0: Foul Ball, location: 2F 0-1: Called Strike 0-2: Ball 1-2: SOLO HOME RUN (Flyball, 7D, EV 109.4 MPH), Distance : 412 ft
|
|
Batting: RHB Darnell Jones
|
0-0: Ball 1-0: Called Strike 1-1: Called Strike 1-2: Foul Ball, location: 2F 1-2: Ground out 6-3 (Groundball, 56S, EV 72.5 MPH)
|
|
Batting: RHB Jose Pineda
|
0-0: Fly out, F9 (Flyball, 9D, EV 103.1 MPH)
|
|
Batting: RHB Zach Thomason
|
0-0: SINGLE (Groundball, 6MD, EV 95.6 MPH)
|
|
Batting: RHB Danny Murillo
|
0-0: Ball Passed Ball! Zach Thomason to second 1-0: Called Strike 1-1: Fly out, F8 (Flyball, 8RD, EV 80.0 MPH)
|
| Top of the 9th over - 1 run, 2 hits, 0 errors, 1 left on base; Hickory 3 - Kannapolis 4 |
|